 Dungeon Sprint DCSS version 0.16-a0-3325-g64f94fb (webtiles) character file.

212 BluebellGnoll the Basher (level 5, -1/75 HPs)
             Began as an Ogre Wanderer on Dec 27, 2014.
             Was a Follower of Okawaru.
             Slain by an unseen horror (10 damage)
             ... in the Dungeon (Sprint IX: "|||||||||||||||||||||||||||||").
             The game lasted 00:02:30 (222 turns).

BluebellGnoll the Basher (Ogre Wanderer)             Turns: 222, Time: 00:02:30

Health: -1/75      AC:  4    Str: 21    XL:     5   Next: 90%
Magic:  7/7        EV: 12    Int: 13    God:    Okawaru [*.....]
Gold:   0          SH:  0    Dex: 12    Spells: 0 memorised, 6 levels left

rFire  . . .     SeeInvis .     q - +2 dire flail (crush)
rCold  . . .     Clarity  .     d - +0 robe
rNeg   . . .     SustAb   .     (shield restricted)
rPois  .         Gourm    .     (helmet restricted)
rElec  .         Spirit   .     a - +0 cloak
rCorr  .         Warding  .     (gloves unavailable)
rMut   .         NoTele   +     (boots unavailable)
MR     .....                    (no amulet)
Stlth  ..........               r - +3 ring of dexterity
                                g - +2 ring of evasion

@: berserking (expiring), very quick, not resistant to hostile enchantments,
extremely unstealthy
A: unfitting armour, tough skin 1
a: Heroism, Renounce Religion


You were in the Dungeon.
You worshipped Okawaru.
Okawaru was aware of your devotion.
You were not hungry.

You visited 1 branch

Inventory:

Hand weapons
 q - a +2 dire flail of crushing (weapon)
Armour
 a - a +0 cloak (worn)
 d - a +0 robe (worn)
Magical staves
 p - an uncursed staff of energy
Jewellery
 g - a +2 ring of evasion (left hand)
 r - a +3 ring of dexterity (right hand)
Magical devices
 o - a wand of fire (7)
Scrolls
 j - 2 scrolls of blinking
 m - 3 scrolls of remove curse
 n - 2 scrolls of amnesia
Potions
 c - 6 potions of curing
 e - 3 potions of heal wounds
 h - 4 potions of magic
 l - a potion of invisibility
Books
 b - the Tome of the Mountains

   Spells                             Type                      Level
   a - Sandblast                      Earth                        1
   b - Stoneskin                      Transmutation/Earth          2
Comestibles
 f - a meat ration
 k - 4 chunks of flesh


   Skills:
 - Level 2.6 Fighting
 + Level 13.8(13.9) Maces & Flails
 - Level 1.7(6.7) Staves
 - Level 1.1 Throwing
 - Level 2.9 Dodging
 - Level 1.0 Stealth
 - Level 1.2 Spellcasting
   Level 1.0 Summonings
   Level 1.0 Poison Magic


You had 6 spell levels left.
You didn't know any spells.

Dungeon Overview and Level Annotations

Branches:
Dungeon (1/1)

Altars:
Cheibriados
Dithmenos
Elyvilon
Fedhas
Gozag
Kikubaaqudgha
Makhleb
Nemelex Xobeh
Okawaru
Qazlal
Ru
Sif Muna
Trog
Vehumet
Xom
Yredelemnul
Zin
The Shining One
Beogh
Jiyva
Lugonu


Innate Abilities, Weirdness & Mutations

You are too large for most types of armour.
You have tough skin (AC +1).


Message History

The shadow imp barely misses you.
You sock the shadow imp!
You kill the shadow imp!
Okawaru accepts your kill.
The bat zombie hits you but does no damage.
Deactivating autopickup; reactivate with Ctrl-A.
You sock something!
The bat zombie hits you but does no damage.
Something hits you.
* * * LOW HITPOINT WARNING * * *
The bat zombie barely misses you.
You barely miss something. Something hits you!
* * * LOW HITPOINT WARNING * * *
The bat zombie barely misses you.
You closely miss something. Something hits you.
* * * LOW HITPOINT WARNING * * *
The bat zombie hits you.
* * * LOW HITPOINT WARNING * * *
You miss something. Something hits you!
You die... ▓▓▓▓▓▓▓▓▓▓▓▓▓▓▓▓▓▓▓▓▓▓ +..h.@Z'..[.[)...'____ ▓▓▓▓▓▓▓▓▓▓▓▓▓▓▓▓▓▓▓▓▓▓

You could see a hound and a bat zombie.

Vanquished Creatures
  A hippogriff (D)
  A hippogriff zombie (D)
  An orc wizard (D)
  A shadow imp (D)
  An ooze (D)
  A ball python (D)
  3 hobgoblins (D)
  A bat (D)
  A giant cockroach (D)
  2 giant newts (D)
  A kobold (D)
  A rat (D)
15 creatures vanquished.

Notes
Turn   | Place    | Note
--------------------------------------------------------------
     0 | D        | BluebellGnoll, the Ogre Wanderer, began the quest for the Orb.
     0 | D        | BluebellGnoll set off with: a +2 quarterstaff, the Tome of the Mountains, 2 potions of curing, a +0 robe, a potion of heal wounds, a meat ration, a potion of haste, 2 potions of magic, a potion of berserk rage, a scroll of blinking
     0 | D        | Reached XP level 1. HP: 22/22 MP: 2/2
     0 | D        | Identified the Tome of the Mountains
   103 | D        | Noticed an orc wizard
   109 | D        | Killed an orc wizard
   109 | D        | Reached skill level 6 in Maces & Flails
   109 | D        | Reached XP level 2. HP: 23/29 MP: 3/3
   109 | D        | Reached XP level 3. HP: 28/36 MP: 4/4
   119 | D        | Reached skill level 7 in Maces & Flails
   135 | D        | Found a glowing silver altar of Zin.
   135 | D        | Found a glowing golden altar of the Shining One.
   135 | D        | Found an ancient bone altar of Kikubaaqudgha.
   135 | D        | Found a basalt altar of Yredelemnul.
   135 | D        | Found a shimmering altar of Xom.
   135 | D        | Found a radiant altar of Vehumet.
   135 | D        | Found an iron altar of Okawaru.
   136 | D        | Found a burning altar of Makhleb.
   137 | D        | Found a deep blue altar of Sif Muna.
   138 | D        | Found a bloodstained altar of Trog.
   139 | D        | Found a sparkling altar of Nemelex Xobeh.
   140 | D        | Found a white marble altar of Elyvilon.
   141 | D        | Found a roughly hewn altar of Beogh.
   142 | D        | Found a viscous altar of Jiyva.
   143 | D        | Found a corrupted altar of Lugonu.
   144 | D        | Became a worshipper of Warmaster Okawaru
   145 | D        | Found a blossoming altar of Fedhas.
   146 | D        | Found a snail-covered altar of Cheibriados.
   147 | D        | Found a shadowy altar of Dithmenos.
   148 | D        | Found a stormy altar of Qazlal.
   149 | D        | Found an opulent altar of Gozag.
   150 | D        | Found a sacrificial altar of Ru.
   196 | D        | Noticed a hound
   196 | D        | Noticed a hippogriff
   205 | D        | Killed a hippogriff
   205 | D        | Acquired Okawaru's first power
   205 | D        | Reached skill level 12 in Maces & Flails
   205 | D        | Reached XP level 4. HP: 33/44 MP: 6/6
   205 | D        | Reached XP level 5. HP: 37/50 MP: 7/7
   214 | D        | Reached skill level 13 in Maces & Flails
   222 | D        | Slain by an unseen horror

Action                   |  1- 3 |  4- 6 || total
-------------------------+-------+-------++-------
Melee: Quarterstaff      |    30 |       ||    30
       Dire flail        |     8 |    14 ||    22
  Use: Potion            |     1 |     1 ||     2
